 Dungeon Crawl Stone Soup version 0.21.1 (webtiles) character file.

322 tidbits the Digger (level 6, -1/44 HPs)
             Began as a Gnoll Earth Elementalist on Feb 2, 2018.
             Slain by a water moccasin zombie (5 damage)
             ... in an ossuary.
             The game lasted 00:09:39 (956 turns).

tidbits the Digger (Gnoll Earth Elementalist)        Turns: 956, Time: 00:09:39

Health: -1/44      AC:  4    Str: 10    XL:     6   Next: 47%
Magic:  2/14       EV: 15    Int: 20    God:
Gold:   96         SH:  0    Dex: 15    Spells: 12/15 levels left

rFire    . . .     SeeInvis .   b - +0 dagger
rCold    + . .     Gourm    .   (no shield)
rNeg     . . .     Faith    .   d - +0 robe
rPois    .         Spirit   .   (no helmet)
rElec    .         Reflect  .   (no cloak)
rCorr    .         Harm     .   (no gloves)
MR       .....                  (no boots)
Stlth    ++++......             (no amulet)
HPRegen  0.14/turn              p - ring of stealth
MPRegen  0.14/turn              (no ring)

@: no status effects
A: distributed training, fangs 1, molten scales 1, cold resistance 1, strong
nose
a: no special abilities


You were in an ossuary.
You were very full.

You visited 1 branch of the dungeon, and saw 4 of its levels.
You also visited: Ossuary.

You collected 96 gold pieces.

Inventory:

Hand Weapons
 a - a +0 short sword
 b - a +0 dagger (weapon)
 g - a +0 hunting sling
Missiles
 f - 4 stones (quivered)
Armour
 d - a +0 robe (worn)
Jewellery
 p - a ring of stealth (left hand)
   (You found it on level 3 of the Dungeon)
Scrolls
 h - a scroll of enchant weapon {unknown}
 j - a scroll of immolation {unknown}
 k - a scroll of fear
 n - a scroll of teleportation
 o - a scroll of noise {unknown}
Potions
 i - a potion of agility
 m - a potion of degeneration
Books
 e - a book of Geomancy

   Spells                             Type                      Level
   a - Sandblast                      Earth                        1
   b - Passwall                       Transmutation/Earth          2
   c - Stone Arrow                    Conjuration/Earth            3
   d - Petrify                        Transmutation/Earth          4
   e - Lee's Rapid Deconstruction     Earth                        5
Comestibles
 c - 7 rations


   Skills:
 + Level 1.9 Fighting
 + Level 1.9 Short Blades
 + Level 1.9 Long Blades
 + Level 1.9 Axes
 + Level 1.9 Maces & Flails
 + Level 1.9 Polearms
 + Level 1.9 Staves
 + Level 1.9 Slings
 + Level 1.9 Bows
 + Level 1.9 Crossbows
 + Level 1.9 Throwing
 + Level 1.9 Armour
 + Level 5.0 Dodging
 + Level 4.6 Stealth
 + Level 1.9 Shields
 + Level 1.9 Unarmed Combat
 + Level 5.3 Spellcasting
 + Level 1.5 Conjurations
 + Level 1.5 Hexes
 + Level 1.5 Charms
 + Level 1.5 Summonings
 + Level 1.5 Necromancy
 + Level 1.5 Translocations
 + Level 2.6 Transmutations
 + Level 1.5 Fire Magic
 + Level 1.5 Ice Magic
 + Level 1.5 Air Magic
 + Level 5.6 Earth Magic
 + Level 1.5 Poison Magic
 + Level 2.1 Invocations
 + Level 1.9 Evocations


You had 12 spell levels left.
You knew the following spells:

 Your Spells              Type           Power        Failure   Level  Hunger
a - Sandblast             Erth           ####..       1%          1    None
p - Passwall              Tmut/Erth      ###.......   3%          2    None


Dungeon Overview and Level Annotations

Branches:
Dungeon (4/15)
 Temple: D:4-7

Altars:
Elyvilon


Innate Abilities, Weirdness & Mutations

Your experience applies equally to all skills.
You have very sharp teeth.
Your uncanny sense of smell can sniff out nearby items.
You are partially covered in molten scales. (AC +2)
Your flesh is cold resistant. (rC+)


Message History

Casting: Sandblast
Confirm with . or Enter, or press ? or * to list all spells.
Aiming: Sandblast
Press: ? - help, Shift-Dir - straight line, f - water moccasin zombie, p - water moccasin zombie
Aim: a water moccasin zombie The blast of sand hits the water moccasin zombie.
The water moccasin zombie is almost destroyed.
f - 12 stones The water moccasin zombie bites you.
* * * LOW HITPOINT WARNING * * *
Unknown command.
Casting: Sandblast
Confirm with . or Enter, or press ? or * to list all spells.
Aiming: Sandblast
Press: ? - help, Shift-Dir - straight line, f/p - water moccasin zombie
Aim: a water moccasin zombie The blast of sand hits the water moccasin zombie.
You destroy the water moccasin zombie!
Your Invocations skill increases to level 2!
You have reached level 6!
Your experience leads to an increase in your attributes!
Increase (S)trength, (I)ntelligence, or (D)exterity?
You feel clever.
f - 11 stones A poisoned needle hits the water moccasin zombie!
A poisoned needle hits the kobold zombie!
Casting: Sandblast
Confirm with . or Enter, or press ? or * to list all spells.
Aiming: Sandblast
Press: ? - help, Shift-Dir - straight line, f/p - water moccasin zombie
Aim: a water moccasin zombie The blast of sand hits the water moccasin zombie.
The water moccasin zombie is moderately damaged.
f - 10 stones The water moccasin zombie misses you.
A poisoned needle hits the kobold zombie!
Casting: Sandblast
Confirm with . or Enter, or press ? or * to list all spells.
Aiming: Sandblast
Press: ? - help, Shift-Dir - straight line, f/p - water moccasin zombie
Aim: a water moccasin zombie The blast of sand hits the water moccasin zombie.
The water moccasin zombie is heavily damaged.
f - 9 stones The water moccasin zombie barely misses you.
Casting: Sandblast
Confirm with . or Enter, or press ? or * to list all spells.
Aiming: Sandblast
Press: ? - help, Shift-Dir - straight line, f - kobold zombie, p - water moccasin zombie
Aim: a kobold zombie The blast of sand hits the water moccasin zombie.
The water moccasin zombie is severely damaged.
f - 8 stones The water moccasin zombie barely misses you.
The water moccasin zombie misses you.
Unknown command.
Casting: Sandblast
Confirm with . or Enter, or press ? or * to list all spells.
Aiming: Sandblast
Press: ? - help, Shift-Dir - straight line, f/p - kobold zombie
Aim: a kobold zombie The blast of sand hits the water moccasin zombie.
The water moccasin zombie is almost destroyed.
f - 7 stones The water moccasin zombie completely misses you.
Unknown command.
Casting: Sandblast
Confirm with . or Enter, or press ? or * to list all spells.
Aiming: Sandblast
Press: ? - help, Shift-Dir - straight line, f/p - kobold zombie
Aim: a kobold zombie The blast of sand misses the water moccasin zombie.
The blast of sand hits the water moccasin zombie.
The water moccasin zombie is lightly damaged.
f - 6 stones The water moccasin zombie bites you.
* * * LOW HITPOINT WARNING * * *
Unknown command.
Casting: Sandblast
Confirm with . or Enter, or press ? or * to list all spells.
Aiming: Sandblast
Press: ? - help, Shift-Dir - straight line, f/p - kobold zombie
Aim: a kobold zombie The blast of sand hits the water moccasin zombie.
You destroy the water moccasin zombie!
Your Dodging skill increases to level 5!
f - 5 stones A poisoned needle hits the kobold zombie, but does no damage!
Unknown command.
Casting: Sandblast
Confirm with . or Enter, or press ? or * to list all spells.
Aiming: Sandblast
Press: ? - help, Shift-Dir - straight line, f/p - kobold zombie
Aim: a kobold zombie The blast of sand hits the water moccasin zombie.
The water moccasin zombie is heavily damaged.
f - 4 stones The water moccasin zombie closely misses you.
The water moccasin zombie bites you.
You die...

####################
..#..^#...^#...'..∩#
^.'..^#.^^.#^^.#...#
..#...'....'^..#...#
#'##############'###
..# #.^.# ^^# #.^^#
^.# #^..# ..# #@^.#
'## #Z### ..# #ZZ.#
.^# #^^.# ..# #^..#
^^# #...# '## ###+#
..# ^^##### ###


You could see a water moccasin zombie and 2 kobold zombies.

Vanquished Creatures
  2 water moccasin zombies (Ossuary)
  5 big kobold zombies (Ossuary)
  3 adders
  2 gnolls
  4 adder zombies (Ossuary)
  2 worms (D:3)
  3 dart slugs
  2 leopard geckos
  2 ball pythons (D:2)
  2 giant cockroaches
  4 goblins
  4 hobgoblins
  2 bats (D:1)
  6 frilled lizards
  2 hobgoblin zombies (Ossuary)
  3 kobolds (D:1)
  6 kobold zombies (Ossuary)
  2 orc zombies (Ossuary)
  A rat (D:2)
57 creatures vanquished.

Notes
Turn   | Place    | Note
-------+----------+-------------------------------------------
     0 | D:1      | tidbits the Gnoll Earth Elementalist began the quest for the Orb.
     0 | D:1      | Reached XP level 1. HP: 13/13 MP: 6/6
   131 | D:1      | Reached skill level 2 in Transmutations
   139 | D:1      | Reached XP level 2. HP: 19/19 MP: 3/7
   143 | D:1      | Learned a level 2 spell: Passwall
   345 | D:2      | Reached skill level 5 in Spellcasting
   345 | D:2      | Reached XP level 3. HP: 25/25 MP: 6/9
   426 | D:2      | Reached skill level 1 in Invocations
   502 | D:3      | Reached skill level 1 in Fighting
   502 | D:3      | Reached skill level 1 in Short Blades
   502 | D:3      | Reached skill level 1 in Long Blades
   502 | D:3      | Reached skill level 1 in Axes
   502 | D:3      | Reached skill level 1 in Maces & Flails
   502 | D:3      | Reached skill level 1 in Polearms
   502 | D:3      | Reached skill level 1 in Staves
   502 | D:3      | Reached skill level 1 in Slings
   502 | D:3      | Reached skill level 1 in Bows
   502 | D:3      | Reached skill level 1 in Crossbows
   502 | D:3      | Reached skill level 1 in Throwing
   502 | D:3      | Reached skill level 1 in Armour
   502 | D:3      | Reached skill level 1 in Shields
   502 | D:3      | Reached skill level 1 in Unarmed Combat
   502 | D:3      | Reached skill level 1 in Evocations
   505 | D:3      | Reached XP level 4. HP: 32/32 MP: 3/11
   641 | D:3      | Found a faded altar of an unknown god.
   671 | D:3      | Found a white marble altar of Elyvilon.
   685 | D:3      | Reached skill level 1 in Conjurations
   685 | D:3      | Reached skill level 1 in Hexes
   685 | D:3      | Reached skill level 1 in Charms
   685 | D:3      | Reached skill level 1 in Summonings
   685 | D:3      | Reached skill level 1 in Necromancy
   685 | D:3      | Reached skill level 1 in Translocations
   685 | D:3      | Reached skill level 1 in Fire Magic
   685 | D:3      | Reached skill level 1 in Ice Magic
   685 | D:3      | Reached skill level 1 in Air Magic
   685 | D:3      | Reached skill level 1 in Poison Magic
   733 | D:4      | Found a sand-covered staircase.
   741 | Ossuary  | Entered an ossuary
   771 | Ossuary  | Reached XP level 5. HP: 23/37 MP: 10/12
   814 | Ossuary  | Gained mutation: Your flesh is cold resistant. (rC+) [potion of mutation]
   814 | Ossuary  | Gained mutation: You are partially covered in molten scales. (AC +2) [potion of mutation]
   831 | Ossuary  | HP: 3/37 [poison (a needle trap)]
   850 | Ossuary  | HP: 3/37 [big kobold zombie (1)]
   862 | Ossuary  | HP: 1/37 [big kobold zombie (3)]
   949 | Ossuary  | Reached skill level 2 in Invocations
   949 | Ossuary  | Reached XP level 6. HP: 7/44 MP: 8/13
   954 | Ossuary  | HP: 3/44 [water moccasin zombie (4)]
   955 | Ossuary  | Reached skill level 5 in Dodging
   956 | Ossuary  | Slain by a water moccasin zombie

Skill      XL: |  1  2  3  4  5  6 |
---------------+-------------------+-----
Transmutations | 2 |  2.6
Spellcasting   | 5 |  5.3
Invocations    | 1 2 |  2.1
Fighting       | 1 |  1.9
Short Blades   | 1 |  1.9
Long Blades    | 1 |  1.9
Axes           | 1 |  1.9
Maces & Flails | 1 |  1.9
Polearms       | 1 |  1.9
Staves         | 1 |  1.9
Slings         | 1 |  1.9
Bows           | 1 |  1.9
Crossbows      | 1 |  1.9
Throwing       | 1 |  1.9
Armour         | 1 |  1.9
Shields        | 1 |  1.9
Unarmed Combat | 1 |  1.9
Evocations     | 1 |  1.9
Conjurations   | 1 |  1.5
Hexes          | 1 |  1.5
Charms         | 1 |  1.5
Summonings     | 1 |  1.5
Necromancy     | 1 |  1.5
Translocations | 1 |  1.5
Fire Magic     | 1 |  1.5
Ice Magic      | 1 |  1.5
Air Magic      | 1 |  1.5
Poison Magic   | 1 |  1.5
Dodging        | 5 |  5.0
Stealth        | |  4.6
Earth Magic    | |  5.6

Action                   |  1- 3 |  4- 6 || total
-------------------------+-------+-------++-------
Melee: Dagger            |    11 |    14 ||    25
       Bite              |     1 |       ||     1
       Short sword       |       |    24 ||    24
 Cast: Sandblast         |    23 |    51 ||    74
       Passwall          |     2 |     1 ||     3
  Use: Scroll            |     1 |     2 ||     3
       Potion            |       |     4 ||     4
 Stab: Sleeping          |     8 |    12 ||    20
  Eat: Ration            |     2 |       ||     2
Armor: Robe              |     1 |     2 ||     3
Dodge: Dodged            |    10 |    38 ||    48

Table legend:
 A = Turns spent in this place as a percentage of turns spent in the entire game.
 B = Non-inter-level travel turns spent in this place as a percentage of non-inter-level travel turns spent in the entire game.
 C = Inter-level travel turns spent in this place as a percentage of turns spent in this place.
 D = Turns resting spent in this place as a percentage of non-inter-level travel turns spent in this place.
 E = Turns spent auto-exploring this place as a percentage of non-inter-level travel turns spent in this place.
 F = Non-inter-level travel turns spent in this place divided by the number of levels of this place that you've seen.
                   A       B       C       D       E      F
               +-------+-------+-------+-------+-------+----------------------
         Total | 100.0 | 100.0 |   0.0 |   0.0 |   0.0 | 191.2
       Dungeon |  77.5 |  77.5 |   0.0 |   0.0 |   0.0 | 185.2
       Ossuary |  22.5 |  22.5 |   0.0 |   0.0 |   0.0 | 215.0
               +-------+-------+-------+-------+-------+----------------------

Table legend:
 A = Kills in this place as a percentage of kills in entire the game.
 B = Kills by you in this place as a percentage of kills by you in the entire game.
 C = Kills by friends in this place as a percentage of kills by friends in the entire game.
 D = Other kills in this place as a percentage of other kills in the entire game.
 E = Experience gained in this place as a percentage of experience gained in the entire game.
 F = Experience gained in this place divided by the number of levels of this place that you have seen.
                   A       B       C       D       E      F
               +-------+-------+-------+-------+-------+----------------------
         Total | 100.0 | 100.0 |   N/A |   N/A | 100.0 |  92.0
       Dungeon |  63.2 |  63.2 |   N/A |   N/A |  29.8 |  34.2
       Ossuary |  36.8 |  36.8 |   N/A |   N/A |  70.2 | 323.0
               +-------+-------+-------+-------+-------+----------------------

Vault maps used:
D:1:      dpeg_arrival_rooms_c, moated_statue
D:2:      first_ration, minivault_4, dk_noncrumbling_4, fountainhead,
          bh_walls_and_bars
D:3:      nicolae_overflow_hidden_temple, gammafunk_temple_overflow_elements,
          chequers_ecumenical_altar_simple, grunt_ministairs_2, fedhas_altar_2
D:4:      kennysheep_mini, chequers_ossuary_entry_cave, serial_shops, shop,
          serial_bayou_pond_e
Ossuary:  ossuary_tomb_2
